 Dungeon Crawl Stone Soup version 0.16-a0-324-g99bef82 (webtiles) character file.

935 PolkaDot the Summoner (level 7, -13/46 HPs)
             Began as a Vampire Summoner on Sept 3, 2014.
             Mangled by Prince Ribbit (14 damage)
             ... on Level 5 of the Dungeon.
             The game lasted 00:19:58 (5410 turns).

PolkaDot the Summoner (Vampire Summoner)            Turns: 5410, Time: 00:19:59

HP -13/46        AC  4     Str  7      XL: 7   Next: 87%
MP   2/12        EV 12     Int 19      God:
Gold 233         SH  0     Dex 14      Spells:  4 memorised,  0 levels left

rFire  . . .     SeeInvis +     p - +4 quarterstaff (chaos)
rCold  . . .     Clarity  .     a - +0 robe
rNeg   + . .     rCorr    .     (no shield)
rPois  .         rRot     .     (no helmet)
rElec  .         Spirit   .     q - +0 cloak
SustAb .         Warding  +     (no gloves)
rMut   .         Stasis   .     n - +0 pair of boots (curse)
Gourm  .                        v - amulet of warding
MR     .....                    (no ring)
                                (no ring)

@: regenerating quickly, not resistant to hostile enchantments, unstealthy
A: bottle blood, fangs 3, see invisible, unbreathing
a: Bottle Blood


You were on level 5 of the Dungeon.
You were very full.

You visited 1 branch of the dungeon, and saw 5 of its levels.
You also visited: Ossuary.

You collected 233 gold pieces.

Inventory:

Hand weapons
 p - a +4 quarterstaff of chaos (weapon)
Armour
 a - a +0 robe (worn)
 n - a cursed +0 pair of boots (worn)
 q - a +0 cloak (worn)
Magical devices
 g - a wand of confusion (13) {unknown}
Scrolls
 d - 6 scrolls of identify
 f - a scroll of blinking
 j - 5 scrolls of remove curse
 k - a scroll of recharging {unknown}
 m - a scroll of teleportation
 o - a scroll of noise {unknown}
 t - 2 scrolls of fog
 w - a scroll of enchant armour {unknown}
 x - a scroll of magic mapping
 y - a scroll of enchant weapon {unknown}
 D - a scroll of fear {unknown}
Jewellery
 v - an amulet of warding (around neck)
Potions
 e - a potion of restore abilities
 h - a potion of might {unknown}
 i - 2 potions of heal wounds {unknown}
 l - 4 potions of curing {unknown}
 r - a potion of poison {unknown}
 s - 2 potions of agility {unknown}
 u - 3 potions of confusion {unknown}
 z - a potion of magic {unknown}
 A - a potion of lignification {unknown}
 B - a potion of degeneration {unknown}
 C - a potion of berserk rage {unknown}
Books
 b - a book of Callings

   Spells                             Type                      Level
   *Summon Small Mammal               Summoning                    1
   *Call Imp                          Summoning                    2
   *Call Canine Familiar              Summoning                    3
   Summon Guardian Golem              Hexes/Summoning              4
   Summon Lightning Spire             Summoning/Air                4
   *Summon Ice Beast                  Ice/Summoning                4


   Skills:
 - Level 3.4 Staves
 - Level 2.1 Dodging
 - Level 3.0 Stealth
 - Level 2.0 Spellcasting
 * Level 8.9 Summonings
 + Level 0.0 Ice Magic


You couldn't memorise any spells.
You knew the following spells:

 Your Spells              Type           Power        Failure   Level  Hunger
a - Summon Small Mammal   Summ           ####         1%          1    #......
d - Call Canine Familiar  Summ           #####...     1%          3    ####...
i - Summon Ice Beast      Ice/Summ       ###.....     34%         4    #####..
s - Call Imp              Summ           #####...     1%          2    ##.....


Dungeon Overview and Level Annotations

Branches:
Dungeon (5/15)
 Temple: D:4-7

Altars:
Elyvilon
Gozag
Trog
Vehumet
The Shining One

Annotations:
D:5 Prince Ribbit


Innate Abilities, Weirdness & Mutations

Your natural rate of healing is unusually fast.
You can bottle blood from corpses.
You have razor-sharp teeth.
You have supernaturally acute eyesight.
You can survive without breathing.


Message History

You kill the orc wizard!
Prince Ribbit is no longer moving slowly.
Prince Ribbit momentarily phases out as your white imp's attack passes through him.
Prince Ribbit croaks regally.
Prince Ribbit momentarily phases out as your attack passes through him.
Prince Ribbit is lightly wounded.
Prince Ribbit hits you!
* * * LOW HITPOINT WARNING * * *
Unknown command.
You hit Prince Ribbit. You burn Prince Ribbit.
Prince Ribbit is moderately wounded.
Prince Ribbit hits you!!
* * * LOW HITPOINT WARNING * * *
Your crimson imp completely misses Prince Ribbit.
Your white imp hits Prince Ribbit.
Your white imp freezes Prince Ribbit.
Prince Ribbit momentarily phases out as your white imp's attack passes through him.
The orc barely misses your crimson imp.
Prince Ribbit croaks regally.
Prince Ribbit hits you!
You die...

*,*##.##*********,*
*,,,...,,,,,,,* *,*
****#.#******,* *,*
#.#######+##*,*
#..........#*,*
############%.........#*,*
#..).......#..o.......+,,*
#..........#..)5......#######
#..........#...@F5....#.....#
#..........#...5........###.#
##..........#..........###
#.# .'..........#..........#
#.# ##..........#..........#
#.# .'..........#..........#
#.# ##..........#.......####
#.# ###'###'############ #[#
#.###.# #.#


You could see Prince Ribbit, an orc, a friendly crimson imp and 2 friendly white
imps.

Vanquished Creatures
  A wraith (Ossuary)
  A sky beast (D:5)
  The ghost of Conn321 the Grave Robber, an average DENe (D:3)
  2 elf skeletons (D:4)
  A scorpion (D:4)
  An orc wizard (D:5)
  A human skeleton (D:4)
  A worker ant (D:5)
  Ijyb (D:3)
  Jessica (D:2)
  A mummy (Ossuary)
  Natasha (D:3)
  3 adders
  An inept item mimic (D:2)
  5 worms
  9 orcs
  8 bats
  2 giant cockroaches
  6 goblins
  4 hobgoblins
  3 jackals (D:1)
  9 kobolds
  3 ball pythons
  6 giant newts
  2 gnoll skeletons (Ossuary)
  4 kobold skeletons (Ossuary)
  15 orc skeletons
  An orc zombie (D:4)
  2 quokkas
  10 rats
  A fungus (D:2)
107 creatures vanquished.

Vanquished Creatures (collateral kills)
  2 elf skeletons (D:4)
  An orc priest (D:4)
  Crazy Yiuf (D:2)
  3 human skeletons (D:4)
  Natasha (D:3)
  A gnoll (D:2)
  5 adders
  A giant mite (D:2)
  2 giant geckos
  2 oozes (D:1)
  3 goblins
  3 hobgoblins
  2 jackals
  2 kobolds
  2 bats
  A gnoll skeleton (Ossuary)
  2 kobold skeletons (Ossuary)
  3 orc skeletons (Ossuary)
  3 rats
40 creatures vanquished.

Vanquished Creatures (others)
  5 hounds
  2 rats (D:1)
7 creatures vanquished.

Grand Total: 154 creatures vanquished

Notes
Turn   | Place    | Note
--------------------------------------------------------------
     0 | D:1      | PolkaDot, the Vampire Summoner, began the quest for the Orb.
     0 | D:1      | Reached XP level 1. HP: 13/13 MP: 3/3
   244 | D:1      | Reached XP level 2. HP: 19/19 MP: 4/4
   640 | D:1      | Learned a level 2 spell: Call Imp
  1041 | D:1      | Reached skill level 5 in Summonings
  1041 | D:1      | Reached XP level 3. HP: 24/24 MP: 6/6
  1089 | D:1      | Learned a level 3 spell: Call Canine Familiar
  1384 | D:2      | Noticed Jessica
  1444 | D:2      | Killed Jessica
  1574 | D:2      | Reached XP level 4. HP: 21/30 MP: 7/7
  2786 | D:2      | Noticed Crazy Yiuf
  2795 | D:2      | Killed Crazy Yiuf
  2795 | D:2      | Reached skill level 6 in Summonings
  3036 | D:3      | Noticed Natasha
  3043 | D:3      | Killed Natasha
  3043 | D:3      | Reached XP level 5. HP: 32/35 MP: 9/9
  3051 | D:3      | Found a white marble altar of Elyvilon.
  3176 | D:3      | Found a radiant altar of Vehumet.
  3290 | D:3      | Noticed Natasha
  3293 | D:3      | Killed Natasha
  3330 | D:3      | Noticed Conn321's ghost (average DENe)
  3341 | D:3      | Killed Conn321's ghost
  3341 | D:3      | Reached skill level 1 in Staves
  3473 | D:3      | Found a bloodstained altar of Trog.
  3473 | D:3      | Found an opulent altar of Gozag.
  3597 | D:3      | Noticed Ijyb
  3613 | D:3      | Killed Ijyb
  3613 | D:3      | Reached XP level 6. HP: 30/41 MP: 6/10
  3970 | D:4      | Reached skill level 7 in Summonings
  4105 | D:4      | Found a sand-covered staircase.
  4151 | D:4      | Reached XP level 7. HP: 11/46 MP: 7/12
  4305 | D:4      | Reached skill level 8 in Summonings
  4322 | Ossuary  | Entered an ossuary
  4322 | Ossuary  | Noticed a wraith
  4322 | Ossuary  | Noticed a wraith
  4322 | Ossuary  | Noticed a wraith
  4555 | Ossuary  | Noticed a wraith
  4572 | Ossuary  | Killed a wraith
  4704 | D:4      | Learned a level 4 spell: Summon Ice Beast
  4734 | D:4      | Found a glowing golden altar of the Shining One.
  5194 | D:5      | Entered Level 5 of the Dungeon
  5387 | D:5      | Noticed Prince Ribbit
  5410 | D:5      | HP: 1/46 [Prince Ribbit (19)]
  5410 | D:5      | Mangled by Prince Ribbit

Action                   |  1- 3 |  4- 6 |  7- 9 || total
-------------------------+-------+-------+-------++-------
Melee: Unarmed           |   115 |       |       ||   115
       Short sword       |    38 |    55 |       ||    93
       Quarterstaff      |       |    95 |   106 ||   201
 Cast: Summon Small Mamm |    21 |       |       ||    21
       Call Imp          |     3 |    15 |     7 ||    25
       Call Canine Famil |     2 |     8 |     5 ||    15
  Use: Potion            |     1 |       |       ||     1
       Scroll            |       |     4 |     5 ||     9
 Stab: Sleeping          |     6 |     9 |     3 ||    18
       Paralysed         |       |     4 |       ||     4
       Distracted        |       |     3 |     2 ||     5
  Eat: Corpse            |    14 |    17 |     8 ||    39
